 Dungeon Crawl Stone Soup version 0.32-a0-171-g4625e66871 (webtiles) character file.

Game seed: 15554199502677567398

121 sanka the Trooper (level 5, -4/59 HPs)
             Began as an Oni Monk on Feb 12, 2024.
             Was a Believer of Elyvilon.
             Slain by a cerulean imp
             ... wielding a +0 spear
             ... summoned by Natasha
              (5 damage)
             ... on level 3 of the Dungeon.
             The game lasted 00:02:42 (1781 turns).

sanka the Trooper (Oni Monk)                        Turns: 1781, Time: 00:02:43

Health: -4/59      AC:  3    Str: 17    XL:     5   Next: 5%
Magic:  5/5        EV: 10    Int: 11    God:    Elyvilon [**....]
Gold:   130        SH:  0    Dex: 11    Spells: 4/4 levels left

rFire   . . .        t - +0 flail
rCold   . . .        d - orb {light}
rNeg    . . .        b - +0 robe
rPois   .            (helmet restricted)
rElec   .            (no cloak)
rCorr   .            (gloves unavailable)
SInv    .            (boots unavailable)
Will    .....        (no amulet)
Stlth   +            (no ring)
HPRegen 0.29/turn    (no ring)
MPRegen 0.09/turn

%: no passive effects
@: glowing
A: large, unfitting armour, horns 1, tough skin 1, double potion healing,
drunken brawling
a: Renounce Religion, Purification, Heal Other


You were on level 3 of the Dungeon.
You worshipped Elyvilon.
Elyvilon was pleased with you.
You visited 1 branch of the dungeon, and saw 3 of its levels.

You collected 130 gold pieces.


Innate Abilities, Weirdness & Mutations

You are too large for most types of armour.
You have a pair of small horns on your head.
You have tough skin. (AC +1)
You gain doubled healing and magic from potions.
Whenever you drink a healing potion, you attack all around you.


   Skills:
 + Level 5.9 Fighting
 + Level 4.4 Maces & Flails
 - Level 2.6 Dodging


You had 4 spell levels left.
You didn't know any spells.
Your spell library was empty.

Inventory:

Hand Weapons
 t - a +0 flail (weapon)
Armour
 b - a +0 robe (worn)
 d - an orb of light (worn)
Scrolls
 g - a scroll of fog {unknown}
 h - a scroll of poison {unknown}
 j - a scroll of teleportation {unknown}
 k - a scroll of fear {unknown}
 l - a scroll of vulnerability {unknown}
 m - a scroll of revelation {unknown}
 n - a scroll of amnesia {unknown}
 o - a scroll of identify {unknown}
 p - a scroll of enchant armour {unknown}
Potions
 a - a potion of heal wounds {unknown}
 c - a potion of ambrosia
 f - a potion of mutation {unknown}
 i - a potion of brilliance {unknown}
 q - 2 potions of haste {unknown}
 r - a potion of attraction {unknown}
 s - a potion of invisibility {unknown}

Dungeon Overview and Level Annotations

Branches:
Dungeon (3/15)

Altars:
Elyvilon

Annotations:
D:3 Natasha

.▒ .▒.... .▒.▒.▒.▒
....<. .▒.▒.▒.▒.▒
..▒... ▒.▒.▒.▒.▒.▒
......
.▒.▒.▒.▒.▒.▒..▒▒.▒
▒.▒.▒.▒.▒.▒...▒▒.▒
.▒.▒.▒.▒.▒....▒▒5▒
▒.▒.▒.▒.▒.†..▒ ▒O▒
.▒.▒.▒.▒....▒▒▒▒h▒
▒.▒.▒.▒.....5..5g▒
.▒.▒.▒....▒5▒▒▒▒▒K..▒
..▒.▒......... ..>..)
...▒...h..▒▒.▒▒
..ß... .......▒▒▒▒ .▒
▒..... ......▒▒ .▒
...>. ▒▒▒▒.▒▒ .▒
...?.


You could see Natasha, 2 cerulean imps, a hobgoblin and a kobold.


Message History

* * * LOW HITPOINT WARNING * * *
The cerulean imp hits you from afar with a +2 spear.
* * * LOW HITPOINT WARNING * * *
Natasha casts a spell.
You barely miss Natasha.
Natasha is heavily wounded.
The cerulean imp barely misses you. Natasha claws you.
* * * LOW HITPOINT WARNING * * *
The cerulean imp hits you with a +0 spear.
* * * LOW HITPOINT WARNING * * *
Unknown command.
You hit Natasha. Your headbutt misses Natasha.
Natasha is severely wounded.
The cerulean imp hits you but does no damage.
Natasha closely misses you.
The cerulean imp hits you with a +0 spear.
* * * LOW HITPOINT WARNING * * *
The cerulean imp hits you from afar with a +2 spear.
* * * LOW HITPOINT WARNING * * *
Unknown command.
You closely miss Natasha.
Natasha is severely wounded.
Natasha howls an incantation.
Natasha's front paws start to glow.
Natasha claws you! Elyvilon protects you from harm!
The cerulean imp hits you with a +0 spear.
You die...

Action                     |  1- 3 |  4- 6 || total
---------------------------+-------+-------++-------
  Melee: Mace              |    79 |    19 ||    98
         Headbutt          |    16 |    12 ||    28
         Flail             |       |    30 ||    30
 Armour: Robe              |    61 |    45 ||   106
  Dodge: Dodged            |    51 |    32 ||    83

Levels and vault maps discovered:
D:1:      saegor_arrival_under_anarchy, layout_basic,
          chequers_serial_rivers_micro_c, minivault_5,
          chequers_serial_rivers_micro_e
D:2:      layout_loops_ring, basic_altar, hex_tiny, minmay_vboxes
D:3:      layout_loops_ring, corner_web_ring, kennysheep_flooded_box,
          amcnicky_mini_rare_corridor_liquid, grunt_ministairs_1,
          nicolae_the_louvre, uniq_natasha

Notes
Turn   | Place    | Note
-------+----------+-------------------------------------------
     0 | D:1      | sanka the Oni Monk began the quest for the Orb.
     0 | D:1      | Reached XP level 1. HP: 24/24 MP: 1/1
   106 | D:1      | Reached XP level 2. HP: 30/33 MP: 2/2
   364 | D:1      | Reached XP level 3. HP: 35/40 MP: 3/3
   822 | D:1      | Reached skill level 5 in Fighting
  1010 | D:2      | Found a white marble altar of Elyvilon.
  1020 | D:2      | Became a worshipper of Elyvilon the Healer
  1020 | D:2      | Reached * piety under Elyvilon
  1020 | D:2      | Reached ** piety under Elyvilon
  1195 | D:2      | Reached skill level 4 in Maces & Flails
  1195 | D:2      | Reached XP level 4. HP: 50/50 MP: 4/4
  1532 | D:2      | Identified the +1 chain mail "Niogruag" {rF+ Str+3 Int+3}
  1737 | D:3      | Noticed Natasha
  1747 | D:3      | Killed Natasha
  1748 | D:3      | Reached XP level 5. HP: 31/59 MP: 5/5
  1760 | D:3      | Noticed Natasha
  1779 | D:3      | HP: 4/59 [Natasha (4)]
  1780 | D:3      | HP: 1/59 [cerulean imp/+2 spear[Natasha] (2)]
  1781 | D:3      | Elyvilon protects you from harm!
  1781 | D:3      | Slain by a cerulean imp

Vanquished Creatures
  Natasha (D:3)
  3 adders (D:2)
  3 dart slugs
  A ribbon worm (D:3)
  6 bats
  4 endoplasms
  3 giant cockroaches (D:1)
  4 goblins
  3 hobgoblins
  6 jackals
  6 kobolds
  2 quokkas
  7 ball pythons
  2 frilled lizards
  5 rats
56 creatures vanquished.
